 Dungeon Crawl Stone Soup version 0.32-a0-818-gb728d0252e (webtiles) character file.

Game seed: 9935080271722108318

308 Lanoc the Shooter (level 6, -7/47 HPs)
             Began as a Coglin Hunter on Mar 24, 2024.
             Was an Initiate of Okawaru.
             Killed from afar by Ijyb (11 damage)
             ... with a bolt of acid
             ... on level 4 of the Dungeon.
             The game lasted 00:04:15 (2267 turns).

Lanoc the Shooter (Coglin Hunter)                   Turns: 2267, Time: 00:04:15

Health: -7/47      AC: -5    Str: 11    XL:     6   Next: 40%
Magic:  15/15      EV: 12    Int:  8    God:    Okawaru [......]
Gold:   116        SH:  0    Dex: 24    Spells: 5/5 levels left

rFire   . . .        a - +2 sling {Ealamassi}
rCold   . . .        k - +1 sling "Foeqox" {heavy, MP+9 Dex+4 Stlth+}
rNeg    . . .        c - +0 leather armour
rPois   .            (no helmet)
rElec   .            (no cloak)
rCorr   .            (no gloves)
SInv    .            (no boots)
Will    .....        (amulet unavailable)
Stlth   +++          (ring unavailable)
HPRegen 0.27/turn    (ring unavailable)
MPRegen 0.14/turn    (no gizmo)

%: no passive effects
@: corroded, revved
A: off-hand wielding, slow wielding, warmup strikes, no jewellery
a: Invent Gizmo, Renounce Religion


You were on level 4 of the Dungeon.
You worshipped Okawaru.
Okawaru was noncommittal.
You visited 2 branches of the dungeon, and saw 5 of its levels.

You collected 116 gold pieces.

Inventory:

Hand Weapons
 a - a +2 sling (weapon) {Ealamassi}
 k - the +1 sling "Foeqox" (offhand) {heavy, MP+9 Dex+4 Stlth+}
   (You found it on level 2 of the Dungeon)

   Dex+4:     It affects your dexterity (+4).
   MP+9:      It affects your magic capacity (+9).
   Stlth+:    It makes you more stealthy.
Missiles
 j - 2 curare-tipped darts
Armour
 c - a +0 leather armour (worn)
Scrolls
 b - a scroll of butterflies
 d - 2 scrolls of amnesia {unknown}
 e - 5 scrolls of identify {unknown}
 f - a scroll of enchant weapon {unknown}
 h - a scroll of immolation {unknown}
 p - a scroll of fog {unknown}
 r - a scroll of teleportation {unknown}
 s - 2 scrolls of summoning {unknown}
 t - a scroll of fear {unknown}
 u - a scroll of noise {unknown}
Potions
 g - a potion of mutation {unknown}
 i - 2 potions of curing {unknown}
 l - a potion of cancellation {unknown}
 m - a potion of might {unknown}
 n - a potion of magic {unknown}
 o - a potion of degeneration {unknown}
 q - a potion of brilliance {unknown}


   Skills:
 + Level 3.6 Fighting
 * Level 5.4 Ranged Weapons
 + Level 3.3 Dodging
 - Level 1.0 Stealth


You had 5 spell levels left.
You didn't know any spells.
Your spell library was empty.

Dungeon Overview and Level Annotations

Branches:
Dungeon (4/15)             Temple (1/1) D:4

Altars:
Ashenzari
Cheibriados
Dithmenos
Fedhas
Gozag
Hepliaklqana
Kikubaaqudgha
Makhleb
Nemelex Xobeh
Okawaru
Qazlal
Ru
Trog
Uskayaw
Vehumet
Wu Jian
Xom
Yredelemnul
Zin
The Shining One

Annotations:
D:4 Ijyb


Innate Abilities, Weirdness & Mutations

You can wield a second weapon in your off-hand.
It takes a long time for you to wield or remove held weapons.
Your first few attacks do less damage.
You cannot equip rings or amulets.


Message History

You kill the orc wizard!
Okawaru accepts your kill.
You shoot a sling bullet.
HP restored.
Ijyb the Inquisitive comes into view.
She is wielding a +0 dagger and carrying a wand of acid.
You shoot a sling bullet. The sling bullet closely misses Ijyb.
You shoot a sling bullet. The sling bullet barely misses Ijyb.
Ijyb screams, "Me am play god!"
You shoot a sling bullet. The sling bullet barely misses Ijyb.
You shoot a sling bullet.
The sling bullet hits Ijyb but does no damage.
You shoot a sling bullet. The sling bullet closely misses Ijyb.
You shoot a sling bullet. The sling bullet hits Ijyb!
Ijyb is moderately wounded.
Ijyb zaps a wand.
The bolt of acid hits you!!
Ouch! That really hurt!
The acid corrodes you!
You are too injured to fight recklessly!
Fire: a) +2 sling {Ealamassi}
Press: ? - help, Q - select action, (/) - cycle Shift-Dir - straight line, f/p - Ijyb
Aim: Ijyb, wielding a +0 dagger, wearing a +0 ring mail and carrying a wand of acid (moderately wounded, 64% to hit)
You shoot a sling bullet. The sling bullet hits Ijyb!
Ijyb is heavily wounded.
You shoot a sling bullet.
The sling bullet hits Ijyb but does no damage.
Ijyb is heavily wounded.
Ijyb screams, "You look like good test subject!"
Ijyb zaps a wand.
The bolt of acid hits you!!
* * * LOW HITPOINT WARNING * * *
The acid corrodes you!
Fire: a) +2 sling {Ealamassi}
Press: ? - help, Q - select action, (/) - cycle Shift-Dir - straight line, f/p - Ijyb
Aim: Ijyb, wielding a +0 dagger, wearing a +0 ring mail and carrying a wand of acid (heavily wounded, 64% to hit)
You shoot a sling bullet. The sling bullet hits Ijyb.
Ijyb is severely wounded.
You shoot a sling bullet. The sling bullet hits Ijyb.
Ijyb is almost dead.
Ijyb zaps a wand.
The bolt of acid hits you!
You die...
Ijyb screams, "Time for next experiment!"

....#'##..##.##.......<.........#
..........#...####'###...........
..........#...#+.....#...........
........###...###....##'####.....
.......##.......##.........#.....
......##.........######....#####.
....###....≈≈≈....#...###'### ##
....# #...≈≈≈≈≈...##........# #.
....# ...≈≈..)≈≈@..#........# #.
....# ...≈≈.>.≈≈...#........#####
....# ...≈≈...≈≈g..###..........#
....###...≈≈≈≈≈...##.#..........#
....#.# ...≈≈≈....#..#######.....
....#.## ........###'##....#.....
....'..# .......##...##..........
....#..####...###....'....#......
....#..##.# #.....#..........#


You could see Ijyb.

Vanquished Creatures
  A phantom (D:3)
  A jelly (D:4)
  An orc wizard (D:4)
  Robin (D:3)
  10 adders
  A dart slug (D:3)
  2 ribbon worms
  6 ball pythons
  5 endoplasms
  3 giant cockroaches
  11 hobgoblins
  6 jackals
  2 quokkas
  6 bats
  2 frilled lizards
  11 goblins
  A kobold (D:4)
  3 rats
73 creatures vanquished.

Notes
Turn   | Place    | Note
-------+----------+-------------------------------------------
     0 | D:1      | Lanoc the Coglin Hunter began the quest for the Orb.
     0 | D:1      | Reached XP level 1. HP: 16/16 MP: 1/1
   134 | D:1      | Reached skill level 1 in Stealth
   162 | D:1      | Reached XP level 2. HP: 22/22 MP: 2/2
   467 | D:1      | Reached skill level 4 in Ranged Weapons
   467 | D:1      | Reached XP level 3. HP: 28/28 MP: 3/3
   655 | D:2      | Identified the +1 sling "Foeqox" {heavy, MP+9 Dex+4 Stlth+}
   916 | D:2      | Found a faded altar of an unknown god.
  1331 | D:3      | Noticed a phantom
  1334 | D:3      | Killed a phantom
  1335 | D:3      | Reached XP level 4. HP: 35/35 MP: 4/4
  1335 | D:3      | Reached XP level 5. HP: 41/41 MP: 5/5
  1607 | D:3      | Noticed Robin
  1618 | D:3      | Killed Robin
  1619 | D:3      | Reached skill level 5 in Ranged Weapons
  2003 | D:4      | Reached XP level 6. HP: 47/47 MP: 6/6
  2014 | D:4      | Found a sacrificial altar of Ru.
  2058 | D:4      | Found a staircase to the Ecumenical Temple.
  2077 | Temple   | Entered the Ecumenical Temple
  2116 | Temple   | Became a worshipper of Warmaster Okawaru
  2262 | D:4      | Noticed Ijyb
  2267 | D:4      | Killed from afar by Ijyb

Illustrated notes

Levels and vault maps discovered:
D:1:      dpeg_arrival_round_b, layout_loops_cross, nicolae_titane
D:2:      layout_loops_ring, ebering_ecumenical_altar_petrified,
          hangedman_glass_teeth
D:3:      layout_rooms, uniq_robin
D:4:      layout_gridville, nicolae_ru_awakened_eye, tgw_sif,
          minmay_temple_entry_sparse_star, uniq_ijyb
Temple:   nicolae_temple_bog_church

Skill      XL: |  1  2  3  4  5 |
---------------+----------------+-----
Stealth        | 1 |  1.0
Dodging        | 2 3 |  3.3
Ranged Weapons | 4 5 |  5.4
Fighting       | 3 |  3.6

Action                     |  1- 3 |  4- 6 || total
---------------------------+-------+-------++-------
   Fire: Sling             |   158 |   134 ||   292
 Armour: Leather armour    |    11 |    16 ||    27
  Dodge: Dodged            |    17 |    18 ||    35

Table legend: (Time is in decaauts)
 A = Elapsed time spent in this place.
 B = Non-inter-level travel time spent in this place.
 C = Inter-level travel time spent in this place.
 D = Time resting spent in this place.
 E = Time spent auto-exploring this place.
 F = Levels seen in this place.
 G = Mean time per level.
                   A        B        C        D        E       F      G
               +--------+--------+--------+--------+--------+-----+--------+
         Total |   2325 |   2267 |     58 |      0 |   1853 |   5 |  465.0 |
       Dungeon |   2279 |   2225 |     54 |      0 |   1853 |   4 |  569.8 |
        Temple |     46 |     42 |      4 |      0 |      0 |   1 |   46.0 |
               +--------+--------+--------+--------+--------+-----+--------+

Top non-repeatable levels by time:
     D:2: 704 daAuts
     D:1: 606 daAuts
     D:4: 493 daAuts
     D:3: 475 daAuts
  Temple: 46 daAuts
